 Dungeon Crawl Stone Soup version 0.27-a0-1595-g0b823d0a13 (webtiles) character file.

Game seed: 9263685378401139802

17984 Brandom the Warrior (level 12, -2/178 HPs)
             Began as a Pale Draconian Abyssal Knight on July 6, 2021.
             Was an Elder of Lugonu.
             Slain by a harpy simulacrum (10 damage)
             ... in an ice cave on July 20, 2021.
             The game lasted 00:48:53 (19227 turns).

Brandom the Warrior (DrAK)                         Turns: 19227, Time: 00:48:54

Health: -2/178     AC: 12    Str: 20    XL:     12   Next: 23%
Magic:  0/20       EV: 13    Int: 20    God:    Lugonu [****..]
Gold:   1243       SH: 11    Dex: 14    Spells: 14/17 levels left

rFire    + + +     SeeInvis .   y - +7 whip of Prudence {drain, *Noise rF++ rN+ Dex+2}
rCold    + . .     Faith    .   I - +2 kite shield {rC+}
rNeg     + . .     Spirit   +   (armour unavailable)
rPois    .         Reflect  .   (helmet restricted)
rElec    +         Harm     .   i - +1 cloak
rCorr    .         Rampage  .   E - +0 pair of gloves
Will     .....                  v - +0 pair of boots
Stlth    ..........             s - amulet of guardian spirit
HPRegen  0.39/turn              w - +6 ring of strength
MPRegen  0.17/turn              F - ring of Surprise {Contam rElec rF+ Int+3}

@: berserking, very quick
A: breathe steam, AC +8, unfitting armour, cold-blooded, steam resistance
a: Breathe Steam, Renounce Religion, Depart the Abyss, Bend Space, Banish,
Corrupt


You were in an ice cave.
You worshipped Lugonu.
Lugonu was greatly pleased with you.
You visited 2 branches of the dungeon, and saw 13 of its levels.
You visited the Abyss 1 time.
You also visited: Ice Cave and Volcano.

You collected 1438 gold pieces.
You spent 195 gold pieces at shops.

Inventory:

Hand Weapons
 a - a +1 hand axe
 n - a +0 morningstar
   (You took it off an orc on level 4 of the Dungeon)
 o - a +0 hand axe of freezing
   (You took it off an orc on level 4 of the Dungeon)
 y - the +7 whip of Prudence (weapon) {drain, *Noise rF++ rN+ Dex+2}
   (You bought it in a shop on level 1 of the Dungeon)

   A truly terrible weapon, it drains the life of any living foe it strikes.
   Dex:       It affects your dexterity (+2).
   rF:        It greatly protects you from fire.
   rN:        It protects you from negative energy.
   *Noise:    It may make noises in combat.
Missiles
 k - 17 curare-tipped darts (quivered) {!f}
 p - 31 poisoned darts
Armour
 i - a +1 cloak (worn)
   (You found it on level 2 of the Dungeon)
 v - a +0 pair of boots (worn)
   (You found it on level 6 of the Dungeon)
 E - a +0 pair of gloves (worn)
   (You found it on level 7 of the Dungeon)
 I - a +2 kite shield of cold resistance (worn)
   (You took it off a gnoll sergeant on level 9 of the Dungeon)
Jewellery
 s - an amulet of guardian spirit (around neck)
   (You found it on level 4 of the Dungeon)
 w - a +6 ring of strength (left hand)
   (You found it on level 6 of the Dungeon)
 x - a +6 ring of strength
   (You found it on level 6 of the Dungeon)
 F - the ring of Surprise (right hand) {Contam rElec rF+ Int+3}
   (You acquired it on level 11 of the Dungeon)

   [ring of protection from fire]

   Int:       It affects your intelligence (+3).
   rF:        It protects you from fire.
   rElec:     It insulates you from electricity.
   Contam:    It causes magical contamination when unequipped.
 G - a ring of fire
   (You found it on level 8 of the Dungeon)
Wands
 d - a wand of iceblast (7)
   (You found it on level 8 of the Dungeon)
 t - a wand of flame (13)
   (You found it on level 9 of the Dungeon)
 u - a wand of mindburst (8)
   (You found it on level 8 of the Dungeon)
Scrolls
 h - 2 scrolls of enchant armour
 j - 2 scrolls of noise {!r}
 m - 2 scrolls of fear
 q - a scroll of amnesia {unknown}
 A - a scroll of brand weapon {unknown}
 B - a scroll of enchant weapon {unknown}
 H - a scroll of torment {!r}
Potions
 b - 7 potions of berserk rage
 c - a potion of attraction {!q}
 e - 2 potions of degeneration {!q}
 f - 4 potions of curing {@q1}
 g - 4 potions of brilliance
 l - 3 potions of heal wounds {@q2}
 r - 3 potions of flight
 z - 4 potions of lignification {!q}
 C - a potion of cancellation
 J - a potion of invisibility {unknown}
 K - 3 potions of resistance {unknown}
 L - a potion of might {unknown}


   Skills:
 * Level 15.0 Fighting
 - Level 3.3(5.3) Axes
 + Level 6.5(6.9) Maces & Flails
 + Level 6.9 Dodging
 + Level 3.8 Shields
 + Level 3.2 Spellcasting
 + Level 3.6 Ice Magic
 + Level 11.0 Invocations


You had 14 spell levels left.
You knew the following spells:

 Your Spells              Type           Power      Damage    Failure   Level
a - Ozocubu's Armour      Ice            17%        N/A       36%         3

Your spell library contained the following spells:

 Spells                   Type           Power      Damage    Failure   Level
 Freeze                   Ice            68%        1d8       13%         1
 Frozen Ramparts          Ice            34%        1d5       36%         3
 Ensorcelled Hibernation  Hex/Ice        20%        N/A       38%         2
 Magic Dart               Conj           12%        1d3       52%         1
 Pain                     Necr           12%        1d4       52%         1
 Sting                    Tmut/Pois      12%        1d3       52%         1
 Call Imp                 Summ           3%         N/A       65%         2
 Poisonous Vapours        Pois/Air       6%         N/A       65%         2
 Static Discharge         Conj/Air       3%         N/A       65%         2
 Dazzling Flash           Conj/Hex       6%         N/A       87%         3
 Mephitic Cloud           Conj/Pois/Air  3%         N/A       87%         3
 Spider Form              Tmut/Pois      1%         N/A       87%         3
 Hailstorm                Conj/Ice       10%        3d5       95%         4
 Olgreb's Toxic Radiance  Pois           3%         N/A       99%         4
 Agony                    Necr           3%         N/A       100%        5
 Blade Hands              Tmut           1%         N/A       100%        5
 Excruciating Wounds      Necr           1%         N/A       100%        5
 Irradiate                Conj/Tmut      1%         3d14      100%        5
 Iskenderun's Battlesphe  Conj           3%         2d6       100%        5
 Lightning Bolt           Conj/Air       1%         1d12      100%        5
 Silence                  Hex/Air        1%         N/A       100%        5
 Dispersal                Tloc           1%         N/A       100%        6
 Iron Shot                Conj/Erth      1%         9d1       100%        6
 Shadow Creatures         Summ           N/A        N/A       100%        6
 Dragon Form              Tmut           1%         N/A       100%        7
 Ozocubu's Refrigeration  Ice            8%         4d6       100%        7
 Spellforged Servitor     Conj/Summ      1%         N/A       100%        7
 Disjunction              Tloc           1%         N/A       100%        8
 Maxwell's Capacitive Co  Air            1%         ∞         100%        8


Dungeon Overview and Level Annotations

Branches:
Dungeon (11/15)            Temple (0/1) D:5            Lair (2/6) D:9
  IceCv (1/1)             Volcano (visited)
  Swamp: Lair:2-4    Shoals: Lair:2-4     Snake: Lair:2-4    Spider: Lair:2-4
    Orc: D:9-12

Altars:
Ashenzari
Dithmenos
Gozag
Hepliaklqana
Kikubaaqudgha
Makhleb
Qazlal
Ru
Trog
Uskayaw
Vehumet
Wu Jian
Xom
Yredelemnul
Zin

Shops:
D:1 (   D:2 [   D:5 *

Annotations:
D:2 Terence
D:5 1 runed translucent door
D:6 2 transporters, bmj180's ghost, novice DrCj
Abyss:1 Grinder IceCv exclusion: ice statue


Innate Abilities, Weirdness & Mutations

You can breathe blasts of scalding, opaque steam.
Your pale cyan-grey scales are hard. (AC +8)
You cannot fit into any form of body armour.
You are cold-blooded and may be slowed by cold attacks.
You are immune to the effects of steam.


Message History

You block the ice beast's attack.
You hit the ice statue but do no damage.
You tail-slap the ice statue, but do no damage.
You block the harpy simulacrum's attack. x3
The harpy simulacrum closely misses you.
The ice beast closely misses you.
The ice beast hits you but does no damage. x2
You hit the ice statue.
You tail-slap the ice statue, but do no damage.
The harpy simulacrum barely misses you. The harpy simulacrum claws you.
* * * LOW HITPOINT WARNING * * *
The harpy simulacrum freezes you! You resist.
* * * LOW HITPOINT WARNING * * *
You block the harpy simulacrum's attack.
The harpy simulacrum claws you but does no damage.
The ice beast closely misses you. The ice beast barely misses you.
You hit the ice statue but do no damage.
You tail-slap the ice statue, but do no damage.
The harpy simulacrum claws you but does no damage.
The harpy simulacrum misses you. You block the ice beast's attack.
The harpy simulacrum claws you but does no damage. x2
You block the ice beast's attack. The ice beast closely misses you. x2
The harpy simulacrum claws you but does no damage.
The harpy simulacrum claws you!
* * * LOW HITPOINT WARNING * * *
The harpy simulacrum freezes you! You resist.
* * * LOW HITPOINT WARNING * * *
The harpy simulacrum claws you but does no damage.
You block the harpy simulacrum's attack.
You block the harpy simulacrum's attack.
The harpy simulacrum claws you but does no damage.
You block the harpy simulacrum's attack.
The harpy simulacrum claws you.
* * * LOW HITPOINT WARNING * * *
The harpy simulacrum freezes you! You resist.
* * * LOW HITPOINT WARNING * * *
It was a potion of berserk rage.
A red film seems to cover your vision as you go berserk!
You feel yourself moving faster!
You feel mighty! The harpy simulacrum barely misses you.
The harpy simulacrum misses you. The harpy simulacrum claws you!
* * * LOW HITPOINT WARNING * * *
The harpy simulacrum freezes you. You resist.
* * * LOW HITPOINT WARNING * * *
The harpy simulacrum misses you.
The harpy simulacrum closely misses you.
The harpy simulacrum claws you but does no damage.
You are too berserk!
You hit the harpy simulacrum. The harpy simulacrum claws you!
You die...

##.....##
#...∩...#
#...∩...#
##.....## ##...##
#...## ##...#
##...# #@..##
####Z..####
##8#ZYY..#?##
#....Y......#
#.............#
#.............#
#...............#
#...............#
#.......⌠.......#


You could see 3 ice beasts, an anaconda simulacrum and a harpy simulacrum.

Vanquished Creatures
  A two-headed ogre (D:8)
  A deep elf archer (Volcano)
  6 deep elf pyromancers (Volcano)
  A black mamba (Lair:2)
  An ice statue (IceCv)
  The ghost of hark the Cudgeller, a novice MiFi (D:5)
  A cane toad (Lair:1)
  4 kobold demonologists
  An unseen horror (D:10)
  An ice devil (IceCv)
  A komodo dragon (Lair:1)
  A troll (D:9)
  4 blink frogs (Lair:1)
  2 wyverns
  8 yaks
  7 fire elementals (Volcano)
  2 death yak simulacra (IceCv)
  2 wargs (D:9)
  An acid dragon (D:10)
  5 water moccasins
  3 hell hounds (Volcano)
  4 orc warriors
  3 sky beasts
  3 ice beasts
  An ogre (D:5)
  2 black bears
  4 necrophages
  A wolf (Lair:1)
  4 centaurs
  4 kobold brigands (D:10)
  2 bullfrogs (Lair:1)
  2 scorpions (D:5)
  A two-headed ogre simulacrum (IceCv)
  A water moccasin zombie (D:5)
  A gnoll sergeant (D:9)
  5 killer bees (D:9)
  7 electric eels
  3 howler monkeys
  A crimson imp (D:10)
  3 centaur zombies (D:9)
  A lava snake (Lair:1)
  2 jellies
  A centaur skeleton (D:5)
  6 orc priests
  3 hounds
  A human zombie (D:4)
  Jessica (D:2)
  4 iguanas (D:5)
  6 orc wizards
  2 scorpion zombies (D:4)
  A spriggan simulacrum (IceCv)
  3 hound zombies (D:4)
  2 mummies (D:4)
  A howler monkey zombie (D:9)
  4 gnolls (D:9)
  A howler monkey skeleton (D:6)
  4 adders
  An ufetubus (IceCv)
  2 adder zombies (D:4)
  2 worms
  2 dart slugs (D:1)
  22 orcs
  9 ball pythons
  11 endoplasms
  6 giant cockroaches
  5 goblins
  7 hobgoblins
  11 jackals
  5 quokkas
  4 bats
  2 frilled lizards
  11 kobolds
  7 rats
256 creatures vanquished.

Vanquished Creatures (others)
  2 deep elf pyromancers (Volcano)
  2 fungi (Lair:1)
  28 plants
32 creatures vanquished.

Grand Total: 288 creatures vanquished

Notes
Turn   | Place    | Note
-------+----------+-------------------------------------------
     0 | Abyss:1  | Brandom the Draconian Abyssal Knight began the quest for
                  | the Orb.
     0 | Abyss:1  | Reached XP level 1. HP: 19/19 MP: 2/2
    21 | D:1      | Escaped the Abyss
    23 | D:1      | Found a runed translucent door.
   115 | D:1      | Reached XP level 2. HP: 21/26 MP: 3/3
   269 | D:1      | Found Jeekhlie's Antique Weapon Emporium.
   390 | D:1      | Found a faded altar of an unknown god.
   555 | D:1      | Reached ** piety under Lugonu
   785 | D:1      | Reached XP level 3. HP: 28/33 MP: 4/4
  1040 | D:1      | Reached skill level 4 in Fighting
  1153 | D:1      | HP: 1/33 [worm (9)]
  1494 | D:2      | Noticed Jessica
  1502 | D:2      | Killed Jessica
  1503 | D:2      | Reached XP level 4. HP: 20/41 MP: 4/6
  1992 | D:2      | Found Jogeroag's Armour Emporium.
  2047 | D:2      | Noticed Terence
  2571 | D:2      | Reached *** piety under Lugonu
  2932 | D:3      | Found a stormy altar of Qazlal.
  2940 | D:3      | Found a bloodstained altar of Trog.
  3442 | D:4      | Reached XP level 5. HP: 46/47 MP: 7/7
  3584 | D:4      | Reached skill level 5 in Fighting
  3983 | D:4      | Found a shimmering altar of Xom.
  4264 | D:4      | Found an ancient bone altar of Kikubaaqudgha.
  4526 | D:3      | Reached XP level 6. HP: 28/56 MP: 8/8
  5027 | D:4      | Identified the +0 robe of Ywael {Str+3}
  5199 | D:4      | Noticed Grinder
  5199 | D:4      | Paralysed by Grinder for 3 turns
  5231 | D:4      | Banished Grinder
  5232 | D:4      | Reached skill level 6 in Fighting
  5232 | D:4      | Reached skill level 1 in Maces & Flails
  5232 | D:4      | Your scales start taking on a pale cyan-grey colour.
  5232 | D:4      | Reached XP level 7. HP: 32/63 MP: 0/10
  5232 | D:4      | Gained mutation: You are immune to the effects of steam.
                  | [Pale Draconian growth]
  6476 | D:4      | Found a basalt altar of Yredelemnul.
  6517 | D:4      | Reached skill level 7 in Fighting
  6752 | D:5      | Entered Level 5 of the Dungeon
  6793 | D:5      | Reached XP level 8. HP: 24/73 MP: 3/11
  7047 | D:5      | Reached skill level 5 in Invocations
  7777 | D:5      | Found Odeaq's Assorted Antiques.
  7828 | D:5      | Found a runed translucent door.
  7831 | D:5      | Noticed hark's ghost (novice MiFi)
  7842 | D:5      | Found a staircase to the Ecumenical Temple.
  7855 | D:5      | Reached skill level 12 in Fighting
  7855 | D:5      | Reached XP level 9. HP: 92/92 MP: 11/15
  8212 | D:1      | Bought a transparent whip for 195 gold pieces
  8212 | D:1      | Identified the +7 whip of Prudence {drain, *Noise rF++ rN+
                  | Dex+2} (You bought it in a shop on level 1 of the Dungeon)
  8383 | D:5      | Found a runed translucent door.
  8816 | D:5      | Killed hark's ghost
  8817 | D:5      | Reached skill level 13 in Fighting
  9174 | D:6      | Noticed bmj180's ghost (novice DrCj)
  9298 | D:6      | Found a hide-covered altar of Uskayaw.
  9320 | D:6      | Found a transporter.
  9321 | D:6      | Found a transporter.
  9365 | D:6      | Reached skill level 5 in Dodging
  9639 | D:6      | Found an opulent altar of Gozag.
  9639 | D:6      | Found a glowing silver altar of Zin.
 10096 | D:6      | Reached **** piety under Lugonu
 10226 | D:6      | Reached XP level 10. HP: 71/101 MP: 13/17
 10693 | D:7      | Found an ornate altar of the Wu Jian Council.
 10898 | D:7      | Found a sacrificial altar of Ru.
 11651 | D:8      | Found a broken altar of Ashenzari.
 11671 | D:8      | Noticed a two-headed ogre
 11689 | D:8      | Killed a two-headed ogre
 11695 | D:8      | Reached skill level 10 in Invocations
 12470 | D:9      | Reached skill level 5 in Maces & Flails
 12935 | D:9      | Reached skill level 14 in Fighting
 13057 | D:9      | Found a staircase to the Lair.
 13151 | D:9      | Found a shadowy altar of Dithmenos.
 13152 | D:9      | Found a hazy altar of Hepliaklqana.
 13181 | D:9      | Reached XP level 11. HP: 87/110 MP: 13/18
 13289 | D:9      | Learned a level 3 spell: Ozocubu's Armour
 13594 | D:10     | Entered Level 10 of the Dungeon
 14161 | D:10     | Reached skill level 1 in Shields
 14171 | D:10     | Noticed a sun demon
 14174 | D:10     | Reached ***** piety under Lugonu
 14177 | D:10     | Reached skill level 1 in Ice Magic
 14299 | D:10     | Reached skill level 1 in Spellcasting
 14904 | D:10     | Found a burning altar of Makhleb.
 14905 | D:10     | Found a radiant altar of Vehumet.
 15846 | D:11     | Identified 2 scrolls of acquirement
 15846 | D:11     | Acquired the ring of Surprise {Contam rElec rF+ Int+3}
 15847 | D:11     | Acquired 599 gold pieces
 15907 | Lair:1   | Entered Level 1 of the Lair of Beasts
 15909 | Lair:1   | Upgraded the game from 0.27-a0-1456-gf5a116941d to
                  | 0.27-a0-1595-g0b823d0a13
 15937 | Lair:1   | Found a dark tunnel.
 15942 | Volcano  | Entered a volcano
 16008 | Volcano  | Noticed a deep elf pyromancer
 16009 | Volcano  | Noticed a deep elf pyromancer
 16010 | Volcano  | Noticed a deep elf pyromancer
 16013 | Volcano  | Noticed a deep elf pyromancer
 16028 | Volcano  | Killed a deep elf pyromancer
 16032 | Volcano  | Noticed a deep elf pyromancer
 16051 | Volcano  | Killed a deep elf pyromancer
 16156 | Volcano  | Noticed a deep elf pyromancer
 16260 | Volcano  | Noticed a deep elf pyromancer
 16271 | Volcano  | Killed a deep elf pyromancer
 16294 | Volcano  | Killed a deep elf pyromancer
 16303 | Volcano  | Killed a deep elf pyromancer
 16314 | Volcano  | Killed a deep elf pyromancer
 16318 | Volcano  | Killed a deep elf pyromancer
 16735 | Volcano  | Noticed a deep elf archer
 16736 | Volcano  | Noticed a deep elf pyromancer
 16844 | Volcano  | Killed a deep elf pyromancer
 16955 | Volcano  | Killed a deep elf archer
 18169 | Lair:1   | Reached XP level 12. HP: 56/118 MP: 9/20
 18500 | Lair:2   | Noticed an eight-headed hydra
 18503 | Lair:2   | Banished an eight-headed hydra
 18584 | Lair:2   | Found a frozen archway.
 18591 | IceCv    | Entered an ice cave
 19092 | IceCv    | Reached skill level 15 in Fighting
 19226 | IceCv    | HP: 7/178 [harpy simulacrum (3)]
 19227 | IceCv    | Slain by a harpy simulacrum

Illustrated notes

Levels and vault maps discovered:
D:1:      dpeg_arrival_caged_fury, layout_basic,
          hellmonk_ecumenical_altar_crossroads, serial_shops,
          nicolae_square_shop, lemuel_old_faithful
D:2:      layout_rooms, serial_shops, shop, mrwooster_statue_mirror,
          uniq_terence, uniq_jessica
D:3:      wander_river, layout_loops_ring, amethyst_overflow_temple_binary
D:4:      layout_loops_ring, lemuel_mausoleum_altar_yredelemnul,
          grunt_temple_overflow_open, chequers_big_river, uniq_grinder
D:5:      layout_basic, minmay_temple_entry_trees, serial_shops, shop,
          ebering_ghost_sewer_f, skrybe_limestone_x
D:6:      layout_rooms, grunt_temple_overflow_gold_and_silver,
          kennysheep_little_box, gammafunk_ghost_arena
D:7:      cheibrodos_two_vegetables, layout_rooms,
          nicolae_ru_the_path_less_chosen, nicolae_wu_jian_immortal_techniques
D:8:      layout_rooms, general_overflow_altar
D:9:      layout_loops_ring, riverfiend_overflow_shadow_ancestor,
          erik_lair_orcish_takeover
D:10:     layout_basic, grunt_temple_overflow_lords_of_destruction
D:11:     layout_roguey, hiddenorc2_lemuel, hex_intersection,
          trog_ov_bears_minmay
Lair:1:   layout_gridlike, nicolae_volcano_entry_lava_flow,
          infiniplex_staircase_pool_2, grunt_megastairs_1, lemuel_fruit_fields
Lair:2:   layout_regular_city, portal_ice_cave_entry_pillars_1,
          grunt_megastairs_3, uniq_gastronok
IceCv:    ice_cave_tombish

Skill      XL: |  1  2  3  4  5  6  7  8  9 10 11 12 |
---------------+-------------------------------------+-----
Fighting       | 4 5 6 7 12 13 14 15 | 15.0
Invocations    | 3 4 9 10 11 | 11.0
Axes           | 3 |  3.3
Dodging        | 3 4 5 6 |  6.9
Maces & Flails | 1 2 3 4 5 6 |  6.5
Shields        | 3 |  3.8
Ice Magic      | 3 |  3.6
Spellcasting   | 2 3 |  3.2

Action                   |  1- 3 |  4- 6 |  7- 9 | 10-12 || total
-------------------------+-------+-------+-------+-------++-------
Melee: Hand axe          |   141 |   189 |   281 |       ||   611
       Tailslap          |    13 |    24 |    53 |   139 ||   229
       Morningstar       |       |    29 |       |       ||    29
       Whip              |       |       |   135 |   690 ||   825
Throw: Dart              |       |       |       |     3 ||     3
Invok: Banish            |       |     2 |       |     8 ||    10
 Abil: Breathe Steam     |       |       |       |     2 ||     2
Evoke: Wand              |       |       |       |     8 ||     8
  Use: Scroll            |       |     6 |     5 |    11 ||    22
       Potion            |       |       |     1 |     4 ||     5
 Stab: Distracted        |       |       |       |     1 ||     1
       Sleeping          |       |       |       |     1 ||     1
Armor: Skin              |    65 |    85 |   175 |   370 ||   695
Dodge: Dodged            |   102 |   149 |   266 |   466 ||   983
Block: Kite shield       |       |       |       |   401 ||   401

Table legend: (Time is in decaauts)
 A = Elapsed time spent in this place.
 B = Non-inter-level travel time spent in this place.
 C = Inter-level travel time spent in this place.
 D = Time resting spent in this place.
 E = Time spent auto-exploring this place.
 F = Levels seen in this place.
 G = Mean time per level.
                   A        B        C        D        E       F      G
               +--------+--------+--------+--------+--------+-----+--------+
         Total |  19439 |  18747 |    692 |   5511 |   9701 |  16 | 1214.9 |
       Dungeon |  16090 |  15426 |    664 |   3828 |   8961 |  11 | 1462.7 |
          Lair |   1425 |   1398 |     27 |    453 |    666 |   2 |  712.5 |
         Abyss |     21 |     21 |      0 |      0 |      0 |   1 |   21.0 |
      Ice Cave |    634 |    634 |      0 |    434 |      0 |   1 |  634.0 |
       Volcano |   1269 |   1269 |      0 |    796 |     74 |   1 | 1269.0 |
               +--------+--------+--------+--------+--------+-----+--------+

Top non-repeatable levels by time:
     D:4: 2666 daAuts
     D:5: 2280 daAuts
     D:9: 1867 daAuts
     D:3: 1856 daAuts
    D:10: 1628 daAuts
     D:1: 1588 daAuts
     D:7: 1391 daAuts
  Lair:1: 1314 daAuts
 Volcano: 1269 daAuts
     D:6: 1144 daAuts
     D:2: 917 daAuts
     D:8: 742 daAuts
   IceCv: 634 daAuts
  Lair:2: 111 daAuts
 Abyss:1: 21 daAuts
